TOP OF THE 1ST |
Evanston Elitists batting - Pitching for Lee's Summit Tigers : LHP António Ruíz
|
Pitching: LHP António Ruíz
|
|
Batting: LHB Luis Rodríguez
|
0-0: Called Strike 0-1: Swinging Strike 0-2: Foul Ball, location: 2F 0-2: Foul Ball, location: 2F 0-2: Foul Ball, location: 2F 0-2: Foul Ball, location: 2F 0-2: Foul Ball, location: 2F 0-2: Ball 1-2: Fly out, F8 (Flyball, 78M)
|
Batting: SHB Jacob Wilcox
|
0-0: Swinging Strike 0-1: Foul Ball, location: 2F 0-2: Ball 1-2: Foul Ball, location: 2F 1-2: Strikes out swinging
|
Batting: LHB Ángelo Lara
|
0-0: Swinging Strike 0-1: Ball 1-1: Fly out, F7 (Line Drive, 7)
|
Top of the 1st over - 0 run(s), 0 hit(s), 0 error(s), 0 left on base; Evanston 0 - Lee's Summit 0 |
BOTTOM OF THE 1ST |
Lee's Summit Tigers batting - Pitching for Evanston Elitists : RHP Nicholas Becker
|
Pitching: RHP Nicholas Becker
|
|
Batting: RHB Jesús Ramos
|
0-0: SINGLE (Groundball, 56) (infield hit)
|
Batting: RHB Ricardo Velásquez
|
0-0: Ball 1-0: 2-RUN HOME RUN (Flyball, 7LD), Distance : 314 ft
|
Batting: RHB Steve Johnson
|
0-0: Foul Ball, location: 2F 0-1: Foul Ball, location: 2F 0-2: Strikes out swinging
|
Batting: LHB Glenn Williamson
|
0-0: Ball 1-0: SINGLE (Line Drive, 6M)
|
Batting: RHB Stan Taylor
|
0-0: SINGLE (Flyball, 78S) Glenn Williamson to second
|
Batting: LHB Al Miller
|
0-0: Foul Ball, location: 2F 0-1: Ball 1-1: Grounds into double play, 4-6-3 (Groundball, 4)
|
Bottom of the 1st over - 2 run(s), 4 hit(s), 0 error(s), 1 left on base; Evanston 0 - Lee's Summit 2 |
TOP OF THE 2ND |
Evanston Elitists batting - Pitching for Lee's Summit Tigers : LHP António Ruíz
|
Batting: RHB António Martínez
|
0-0: Foul Ball, location: 2F 0-1: Called Strike 0-2: Ball 1-2: Foul Ball, location: 2F 1-2: Strikes out swinging
|
Batting: LHB Alberto Varela
|
0-0: Foul Ball, location: 2F 0-1: Ball 1-1: Ball 2-1: Ball 3-1: Fly out, F7 (Line Drive, 7)
|
Batting: RHB Miguel Toro
|
0-0: Called Strike 0-1: Foul Ball, location: 2F 0-2: SINGLE (Line Drive, 4D)
|
Batting: LHB Ronald Gordon
|
0-0: Called Strike 0-1: Ball 1-1: Swinging Strike 1-2: Strikes out swinging
|
Top of the 2nd over - 0 run(s), 1 hit(s), 0 error(s), 1 left on base; Evanston 0 - Lee's Summit 2 |
BOTTOM OF THE 2ND |
Lee's Summit Tigers batting - Pitching for Evanston Elitists : RHP Nicholas Becker
|
Batting: LHB Dudley Cooper
|
0-0: Called Strike 0-1: SINGLE (Groundball, 34) (infield hit)
|
Batting: RHB Jorge Barbosa
|
0-0: Called Strike 0-1: Ball 1-1: Ball 2-1: Foul Ball, location: 2F 2-2: SINGLE (Groundball, 34D) Dudley Cooper to second Runner from 2nd tries for 3rd, SAFE, throw made to third
|
Batting: RHB Valentín Saldaña
|
0-0: Ball 1-0: Called Strike 1-1: Foul Ball, location: 2F 1-2: Foul Ball, location: 2F 1-2: Foul Ball, location: 2F 1-2: Foul Ball, location: 2F 1-2: Ball 2-2: Fly out, F7 (Flyball, 7D) Runner from 3rd tags up, SCORES, no throw
|
Batting: RHB Jesús Ramos
|
0-0: SINGLE (Flyball, 78S) Jorge Barbosa to second
|
Batting: RHB Ricardo Velásquez
|
0-0: Called Strike 0-1: Ball 1-1: Called Strike 1-2: SINGLE (Line Drive, 56) Jorge Barbosa to third Jesús Ramos to second
|
Batting: RHB Steve Johnson
|
0-0: Ball 1-0: Ball 2-0: Foul Ball, location: 2F 2-1: Grounds into fielders choice 1-2 (Groundball, 13S) Jesús Ramos to third Ricardo Velásquez to second
|
Batting: LHB Glenn Williamson
|
0-0: Ball 1-0: Fly out, F7 (Flyball, 7LS)
|
Bottom of the 2nd over - 1 run(s), 4 hit(s), 0 error(s), 3 left on base; Evanston 0 - Lee's Summit 3 |
TOP OF THE 3RD |
Evanston Elitists batting - Pitching for Lee's Summit Tigers : LHP António Ruíz
|
Batting: LHB Jean-Sébastien Beaudin
|
0-0: Ball 1-0: SINGLE (Line Drive, 34D)
|
Batting: RHB Carlos Miranda
|
0-0: Foul Ball, location: 2F 0-1: Foul Ball, location: 2F 0-2: Ball 1-2: Ball 2-2: Ball 3-2: Strikes out swinging
|
Batting: LHB Luis Rodríguez
|
0-0: Ball 1-0: Foul Ball, location: 2F 1-1: Called Strike 1-2: Ball 2-2: Foul Ball, location: 2F 2-2: Ball 3-2: Ground out 4-3 (Groundball, 4S) Jean-Sébastien Beaudin to second
|
Batting: SHB Jacob Wilcox
|
0-0: Ball 1-0: Called Strike 1-1: Ball 2-1: Swinging Strike 2-2: Strikes out looking
|
Top of the 3rd over - 0 run(s), 1 hit(s), 0 error(s), 1 left on base; Evanston 0 - Lee's Summit 3 |
BOTTOM OF THE 3RD |
Lee's Summit Tigers batting - Pitching for Evanston Elitists : RHP Nicholas Becker
|
Batting: RHB Stan Taylor
|
0-0: Called Strike 0-1: Called Strike 0-2: DOUBLE (Line Drive, 78D)
|
Batting: LHB Al Miller
|
0-0: Ball 1-0: Foul Ball, location: 2F 1-1: DOUBLE (Flyball, 78D) Stan Taylor scores
|
Batting: LHB Dudley Cooper
|
0-0: Ball 1-0: Called Strike 1-1: Ball 2-1: Ground out 3-1 (Groundball, 34) Al Miller to third
|
Batting: RHB Jorge Barbosa
|
0-0: Ball 1-0: Called Strike 1-1: Called Strike 1-2: Ball 2-2: Strikes out looking
|
Batting: RHB Valentín Saldaña
|
0-0: Ball 1-0: Called Strike 1-1: SINGLE (Groundball, 34D) Al Miller scores
|
Batting: RHB Jesús Ramos
|
0-0: SINGLE (Line Drive, 78M) Valentín Saldaña to second
|
Batting: RHB Ricardo Velásquez
|
0-0: Called Strike 0-1: Swinging Strike 0-2: Ball 1-2: Ball 2-2: Ball 3-2: DOUBLE (Flyball, 89M) Valentín Saldaña scores Jesús Ramos to third Jesús Ramos scores
|
Pitching: LHP Juan Martínez
|
|
Batting: RHB Steve Johnson
|
0-0: Called Strike 0-1: Ball 1-1: Ground out 4-3 (Groundball, 4)
|
Bottom of the 3rd over - 4 run(s), 5 hit(s), 0 error(s), 1 left on base; Evanston 0 - Lee's Summit 7 |
TOP OF THE 4TH |
Evanston Elitists batting - Pitching for Lee's Summit Tigers : LHP António Ruíz
|
Batting: LHB Ángelo Lara
|
0-0: Fly out, F8 (Flyball, 8LM)
|
Batting: RHB António Martínez
|
0-0: Called Strike 0-1: Foul Ball, location: 2F 0-2: Ball 1-2: Strikes out looking
|
Batting: LHB Alberto Varela
|
0-0: Ball 1-0: Called Strike 1-1: Ball 2-1: Swinging Strike 2-2: Ball 3-2: Strikes out swinging
|
Top of the 4th over - 0 run(s), 0 hit(s), 0 error(s), 0 left on base; Evanston 0 - Lee's Summit 7 |
BOTTOM OF THE 4TH |
Lee's Summit Tigers batting - Pitching for Evanston Elitists : LHP Juan Martínez
|
Batting: LHB Glenn Williamson
|
0-0: Called Strike 0-1: Ball 1-1: Foul Ball, location: 2F 1-2: Strikes out swinging
|
Batting: RHB Stan Taylor
|
0-0: Ground out 4-3 (Groundball, 4M)
|
Batting: LHB Al Miller
|
0-0: Called Strike 0-1: Ground out 1-3 (Groundball, 13S)
|
Bottom of the 4th over - 0 run(s), 0 hit(s), 0 error(s), 0 left on base; Evanston 0 - Lee's Summit 7 |
TOP OF THE 5TH |
Evanston Elitists batting - Pitching for Lee's Summit Tigers : LHP António Ruíz
|
Batting: RHB Miguel Toro
|
0-0: Swinging Strike 0-1: Foul Ball, location: 2F 0-2: Strikes out looking
|
Batting: LHB Ronald Gordon
|
0-0: Swinging Strike 0-1: Foul Ball, location: 2F 0-2: Strikes out swinging
|
Batting: LHB Jean-Sébastien Beaudin
|
0-0: Ball 1-0: Called Strike 1-1: Swinging Strike 1-2: Strikes out swinging
|
Top of the 5th over - 0 run(s), 0 hit(s), 0 error(s), 0 left on base; Evanston 0 - Lee's Summit 7 |
BOTTOM OF THE 5TH |
Lee's Summit Tigers batting - Pitching for Evanston Elitists : LHP Juan Martínez
|
Batting: LHB Dudley Cooper
|
0-0: Called Strike 0-1: Ball 1-1: Swinging Strike 1-2: Foul Ball, location: 2F 1-2: Foul Ball, location: 2F 1-2: Ball 2-2: Fly out, F8 (Flyball, 8RM)
|
Batting: RHB Jorge Barbosa
|
0-0: SINGLE (Groundball, 6MD)
|
Batting: RHB Valentín Saldaña
|
0-0: Ball Pickoff Throw to First - Error! E1 Jorge Barbosa to second 1-0: Foul Ball, location: 2F 1-1: Called Strike 1-2: Strikes out looking
|
Batting: RHB Jesús Ramos
|
0-0: Swinging Strike 0-1: Ball 1-1: Ball 2-1: Ball 3-1: Base on Balls
|
Batting: RHB Ricardo Velásquez
|
0-0: Ball 1-0: Fly out, F7 (Flyball, 78D)
|
Bottom of the 5th over - 0 run(s), 1 hit(s), 1 error(s), 2 left on base; Evanston 0 - Lee's Summit 7 |
TOP OF THE 6TH |
Evanston Elitists batting - Pitching for Lee's Summit Tigers : LHP António Ruíz
|
Batting: RHB Carlos Miranda
|
0-0: Ball 1-0: Foul Ball, location: 2F 1-1: Foul Ball, location: 2F 1-2: Ground out 3-1 (Groundball, 34S)
|
Batting: LHB Luis Rodríguez
|
0-0: Ball 1-0: Ground out 3-1 (Groundball, 34)
|
Batting: SHB Jacob Wilcox
|
0-0: Ball 1-0: Ball 2-0: Ball 3-0: Base on Balls
|
Pitching: RHP Héctor Bernard
|
|
Batting: LHB Ángelo Lara
|
0-0: Fielders Choice at 2nd, 5-4 (Groundball, 5D)
|
Top of the 6th over - 0 run(s), 0 hit(s), 0 error(s), 0 left on base; Evanston 0 - Lee's Summit 7 |
BOTTOM OF THE 6TH |
Lee's Summit Tigers batting - Pitching for Evanston Elitists : LHP Juan Martínez
|
Batting: RHB Steve Johnson
|
0-0: Ball 1-0: Called Strike 1-1: Foul Ball, location: 2F 1-2: Ball 2-2: Strikes out swinging
|
Batting: LHB Glenn Williamson
|
0-0: Called Strike 0-1: Fly out, F9 (Flyball, 89M)
|
Batting: RHB Stan Taylor
|
0-0: Reached via error on a dropped throw, E3
|
Batting: LHB Al Miller
|
0-0: Ball 1-0: Ball 2-0: Ball 3-0: Called Strike 3-1: Base on Balls Stan Taylor to second
|
Batting: LHB Dudley Cooper
|
0-0: Ball 1-0: Foul Ball, location: 2F 1-1: Ball 2-1: Foul Ball, location: 2F 2-2: Ball 3-2: Strikes out swinging
|
Bottom of the 6th over - 0 run(s), 0 hit(s), 1 error(s), 2 left on base; Evanston 0 - Lee's Summit 7 |
TOP OF THE 7TH |
Evanston Elitists batting - Pitching for Lee's Summit Tigers : RHP Héctor Bernard
|
Batting: RHB António Martínez
|
0-0: Ball 1-0: Foul Ball, location: 2F 1-1: Foul Ball, location: 2F 1-2: Ground out 4-3 (Groundball, 4)
|
Batting: LHB Alberto Varela
|
0-0: Foul Ball, location: 2F 0-1: Ball 1-1: DOUBLE (Line Drive, 78M)
|
Batting: RHB Miguel Toro
|
0-0: Ball 1-0: Ball 2-0: Ball 3-0: Called Strike 3-1: SINGLE (Line Drive, 9S) Alberto Varela to third Runner from 3rd tries for Home, SAFE, no throw
|
Batting: LHB Ronald Gordon
|
0-0: Ball 1-0: Called Strike 1-1: Called Strike 1-2: Ball 2-2: Hit by Pitch Miguel Toro to second
|
Batting: LHB Jean-Sébastien Beaudin
|
0-0: Ball 1-0: Ball 2-0: Ball 3-0: Called Strike 3-1: SINGLE (Groundball, 6MS) (infield hit) Miguel Toro to third Ronald Gordon to second
|
Batting: RHB Carlos Miranda
|
0-0: Called Strike 0-1: Ball 1-1: Ball 2-1: SINGLE (Groundball, 6M) (infield hit) Miguel Toro scores Ronald Gordon to third Jean-Sébastien Beaudin to second
|
Batting: LHB Luis Rodríguez
|
0-0: Called Strike 0-1: Swinging Strike 0-2: Ball 1-2: Foul Ball, location: 2F 1-2: Foul Ball, location: 2F 1-2: Foul Ball, location: 2F 1-2: Ball 2-2: Foul Ball, location: 2F 2-2: Ball 3-2: Base on Balls Ronald Gordon scores Jean-Sébastien Beaudin to third Carlos Miranda to second
|
Pitching: RHP Orlando Zúñica
|
|
Batting: SHB Jacob Wilcox
|
0-0: Called Strike 0-1: Swinging Strike 0-2: Strikes out looking
|
Batting: LHB Ángelo Lara
|
0-0: Ball 1-0: Ball 2-0: Ball 3-0: Called Strike 3-1: Foul Ball, location: 2F 3-2: Foul Ball, location: 2F 3-2: Base on Balls Jean-Sébastien Beaudin scores Carlos Miranda to third Luis Rodríguez to second
|
Batting: RHB António Martínez
|
0-0: Hit by Pitch Carlos Miranda scores Luis Rodríguez to third Ángelo Lara to second
|
Batting: LHB Alberto Varela
|
0-0: Foul Ball, location: 2F 0-1: Ball 1-1: Ball 2-1: Swinging Strike 2-2: Strikes out looking
|
Top of the 7th over - 5 run(s), 4 hit(s), 0 error(s), 3 left on base; Evanston 5 - Lee's Summit 7 |
BOTTOM OF THE 7TH |
Lee's Summit Tigers batting - Pitching for Evanston Elitists : LHP Juan Martínez
|
Pitching: RHP José Padilla
|
|
Batting: RHB Jorge Barbosa
|
0-0: SINGLE (Groundball, 6MD)
|
Batting: RHB Valentín Saldaña
|
0-0: Called Strike 0-1: Ball 1-1: Grounds into double play, 5-4-3 (Groundball, 56)
|
Batting: RHB Jesús Ramos
|
0-0: Called Strike 0-1: Swinging Strike 0-2: Strikes out swinging
|
Bottom of the 7th over - 0 run(s), 1 hit(s), 0 error(s), 0 left on base; Evanston 5 - Lee's Summit 7 |
TOP OF THE 8TH |
Evanston Elitists batting - Pitching for Lee's Summit Tigers : RHP Orlando Zúñica
|
Batting: RHB Miguel Toro
|
0-0: Ball 1-0: Foul Ball, location: 2F 1-1: Ground out 6-3 (Groundball, 6)
|
Batting: LHB Ronald Gordon
|
0-0: Called Strike 0-1: Ball 1-1: Swinging Strike 1-2: Ball 2-2: Foul Ball, location: 2F 2-2: Ball 3-2: SINGLE (Groundball, 6D)
|
Batting: LHB Jean-Sébastien Beaudin
|
0-0: Ball 1-0: Ball 2-0: Fly out, F4 (Line Drive, 4)
|
Batting: RHB Carlos Miranda
|
0-0: Foul Ball, location: 2F 0-1: Ball 1-1: Swinging Strike 1-2: Strikes out swinging
|
Top of the 8th over - 0 run(s), 1 hit(s), 0 error(s), 1 left on base; Evanston 5 - Lee's Summit 7 |
BOTTOM OF THE 8TH |
Lee's Summit Tigers batting - Pitching for Evanston Elitists : RHP José Padilla
|
Batting: RHB Ricardo Velásquez
|
0-0: Ball 1-0: Swinging Strike 1-1: Ball 2-1: Called Strike 2-2: Ball 3-2: Base on Balls
|
Batting: RHB Steve Johnson
|
0-0: Ball 1-0: Ball 2-0: Ball 3-0: Called Strike 3-1: Fly out, F9 (Flyball, 9S)
|
Batting: LHB Glenn Williamson
|
0-0: Foul Ball, location: 2F 0-1: Called Strike 0-2: Foul Ball, location: 2F 0-2: Strikes out looking
|
Batting: RHB Stan Taylor
|
0-0: Called Strike 0-1: Ball 1-1: Ball 2-1: SINGLE (Flyball, 7S) Ricardo Velásquez to second
|
Batting: LHB Al Miller
|
0-0: Ball 1-0: Called Strike 1-1: Ball 2-1: Ball 3-1: Base on Balls Ricardo Velásquez to third Stan Taylor to second
|
Batting: LHB Dudley Cooper
|
0-0: Foul Ball, location: 2F 0-1: Ground out 4-3 (Groundball, 4S)
|
Bottom of the 8th over - 0 run(s), 1 hit(s), 0 error(s), 3 left on base; Evanston 5 - Lee's Summit 7 |
TOP OF THE 9TH |
Evanston Elitists batting - Pitching for Lee's Summit Tigers : RHP Orlando Zúñica
|
Batting: LHB Luis Rodríguez
|
0-0: Called Strike 0-1: Ball 1-1: Ball 2-1: Swinging Strike 2-2: Ball 3-2: Foul Ball, location: 2F 3-2: Base on Balls
|
Pinch Hitting: RHB Wilfred Martin
|
0-0: Fly out, F9 (Flyball, 89M)
|
Batting: LHB Ángelo Lara
|
0-0: Ball 1-0: Grounds into double play, 4-6-3 (Groundball, 4)
|
Top of the 9th over - 0 run(s), 0 hit(s), 0 error(s), 0 left on base; Evanston 5 - Lee's Summit 7 |
|